Map: Lost and Found LE

Players

HellMachine

  • Race: Terran Terran
  • League: Gold
  • Spawn Location: 1:00

OrhanGazi - Winner!

  • Race: Terran Terran
  • League: Silver
  • Spawn Location: 7:00

VOD

Have the link to the VOD?

Description

Time

  • Played on: Oct. 17, 2018, 12:28 p.m.
  • Length: 27:18
Show
View Real Time Build Order
Export as new Build Order

HellMachine Terran 

Build Orders: Reaper Expand, MMM Bio 

Get SALT Encoding   

  12  0:01  SCV  
  13  0:13  SCV  
  14  0:17  Supply Depot  
  14  0:25  SCV  
  15  0:39  SCV  
  15  0:42  Barracks  
  16  0:44  Refinery  
  16  0:51  SCV  
  17  1:03  SCV  
  18  1:15  SCV  
  19  1:30  Orbital Command, Reaper  
  20  1:34  Supply Depot  
  20  1:52  Command Center  
  20  1:57  SCV  
  21  2:02  Barracks Reactor  
  21  2:08  Marine  
  22  2:12  Factory  
  22  2:13  SCV  
  23  2:27  Barracks Reactor  
  23  2:35  SCV  
  24  2:39  Refinery  
  24  2:47  SCV  
  24  2:50  Barracks  
  25  2:59  SCV  
  26  3:10  Barracks Tech Lab  
  26  3:11  Starport, SCV  
  27  3:19  Cyclone  
  30  3:26  Orbital Command  
  30  3:29  SCV  
  31  3:38  Barracks Tech Lab  
  31  3:40  Barracks Reactor  
  31  3:41  SCV  
  32  3:53  SCV  
  33  3:56  Starport, SCV  
  34  4:08  SCV  
  34  4:09  SCV  
  36  4:15  Stimpack  
  36  4:16  Marauder  
  36  4:17  Marine x2  
  38  4:20  Engineering Bay, SCV  
  38  4:21  SCV  
  42  4:29  Supply Depot  
  42  4:31  Supply Depot  
  42  4:32  SCV  
  42  4:33  SCV  
  42  4:37  Viking  
  46  4:50  Marine x2  
  46  4:51  Marauder  
  46  4:52  Cyclone  
  53  4:53  SCV x2  
  53  4:56  Refinery  
  53  4:58  Refinery  
  55  5:01  Supply Depot  
  55  5:03  Supply Depot  
  55  5:05  SCV x2  
  44  5:22  Missile Turret  
  44  5:23  Marine x2  
  37  5:40  SCV x2  
  38  5:49  Viking  
  38  5:50  Marine x2  
  38  5:51  Marauder  
  38  5:52  SCV x2  
  42  6:15  Missile Turret  
  36  6:36  Missile Turret, Marine x2  
  36  6:37  Marauder  
  40  6:48  Terran Infantry Weapons Level 1  
  40  6:50  Factory Tech Lab  
  40  7:04  SCV x2  
  38  7:16  SCV  
  38  7:18  Orbital Command  
  39  7:49  Raven  
  41  8:03  SCV x2  
  43  8:15  SCV x2  
  45  8:26  Supply Depot  
  45  8:27  SCV x2, Marine x2  
  45  8:28  Marine  
  50  8:35  Missile Turret  
  48  8:51  Marine x3  
  51  9:00  SCV  
  51  9:01  SCV, Barracks  
  53  9:06  Engineering Bay  
  53  9:07  Armory  
  53  9:09  Marine  
  54  9:10  Siege Tank  
  54  9:11  Medivac x2  
  54  9:13  SCV x2  
  54  9:15  Marine x2  
  65  9:25  SCV x2  
  67  9:39  Terran Infantry Armor Level 1  
  67  9:41  Combat Shield  
  67  9:54  Barracks, Barracks Reactor  
  67  9:59  Marine x3  
  70  10:00  Siege Tank  
  70  10:03  Medivac x2  
  70  10:04  SCV  
  78  10:11  SCV  
  78  10:13  Supply Depot  
  79  10:17  SCV  
  80  10:23  SCV, Marine  
  80  10:25  Supply Depot  
  82  10:32  Marine x2  
  82  10:33  Marine  
  85  10:35  Supply Depot  
  85  10:51  Viking x2  
  85  10:54  Marine x3  
  92  11:00  Concussive Shells  
  92  11:03  SCV x2  
  92  11:04  Marine x2  
  96  11:27  Command Center  
  96  11:28  SCV x2  
  96  11:32  Supply Depot  
  98  11:35  Supply Depot  
  98  11:40  SCV x2  
  98  11:42  Terran Infantry Weapons Level 2  
  98  11:46  Terran Infantry Armor Level 2  
  100  11:51  Terran Ship Weapons Level 1  
  100  11:55  SCV x2  
  100  12:01  Marine x5  
  104  12:07  SCV, Viking  
  110  12:11  Viking  
  110  12:15  Barracks Reactor  
  112  12:19  Starport  
  112  12:36  Marine x5  
  117  12:39  Viking  
  119  12:52  Marine  
  119  12:56  Starport Reactor  
  119  12:57  Viking  
  122  12:59  Orbital Command  
  122  13:08  Supply Depot  
  122  13:09  Supply Depot, Viking  
  122  13:10  Marine  
  122  13:11  Supply Depot, Marine x4  
  129  13:14  Supply Depot  
  129  13:46  Marine x2  
  129  13:47  Marine x4  
  137  13:48  Viking x2  
  137  13:49  Viking  
  137  13:51  Viking  
  137  13:52  Marine  
  144  14:08  Terran Infantry Weapons Level 3  
  144  14:10  Terran Ship Weapons Level 2  
  141  14:58  Siege Tank  
  141  14:59  Viking x2  
  127  15:00  Viking  
  148  15:01  Marine x5  
  148  15:02  Marine  
  148  15:03  Terran Infantry Armor Level 3  
  152  16:03  Siege Tank, Marine  
  152  16:04  Marine x6  
  157  16:06  Medivac x2  
  143  16:23  Marine x2  
  143  16:24  Marine x5  
  150  16:41  Marine x2  
  142  16:58  Orbital Command  
  142  17:11  Marine x7  
  142  17:12  Viking x2  
  142  17:13  Viking x2  
  142  17:14  Siege Tank  
  160  17:27  Terran Vehicle And Ship Armor Level 1  
  160  17:32  Marine x2  
  162  17:39  SCV x2  
  162  17:40  SCV  
  165  17:55  Supply Depot  
  165  17:57  Supply Depot  
  165  18:19  Supply Depot  
  165  18:21  Supply Depot  
  165  18:26  Raven  
  166  19:09  Raven  
  168  19:27  Terran Vehicle Weapons Level 1  
  168  19:37  Armory x2  
  168  19:43  Command Center  
  168  19:54  Refinery  
  168  19:55  Refinery  
  153  21:21  Orbital Command  
  153  21:27  Sensor Tower  
  153  21:33  Medivac x2  
  153  21:34  Medivac  
  153  21:36  Siege Tank, Marine x2  
  153  21:37  Marine x6  
  170  21:45  Orbital Command  
  170  22:00  Command Center  
  170  22:03  Medivac  
  172  22:10  Sensor Tower  
  172  22:13  Sensor Tower  
  172  22:16  Sensor Tower  
  170  23:21  Marine  
  170  23:22  Marine x7  
  170  23:25  Siege Tank  
  170  23:26  Medivac, Viking x2  
  187  23:29  Terran Vehicle Weapons Level 2, Terran Ship Weapons Level 3, Terran Vehicle And Ship Armor Level 2  
  187  23:32  Hi-Sec Auto Tracking  
  187  23:35  Structure Armor  
  187  23:39  Marine  
  184  23:56  Medivac  
  184  24:05  Orbital Command  
  184  24:14  Command Center  
  164  25:16  Viking x3  
  123  25:50  Marine  
  123  25:51  Marine x7  
  123  25:53  Siege Tank  
  126  26:08  Marine, Medivac  
  126  26:09  Marine x7  
Show
View Real Time Build Order
Export as new Build Order

OrhanGazi Terran - Winner!

Build Orders: 1/1/1, Banshee Rush 

Get SALT Encoding   

  12  0:02  SCV  
  13  0:15  Supply Depot  
  13  0:19  SCV  
  14  0:26  Refinery  
  14  0:31  SCV  
  15  0:44  Barracks  
  15  0:47  SCV  
  16  0:55  Refinery  
  16  1:02  SCV  
  17  1:15  Supply Depot  
  17  1:22  SCV  
  18  1:34  SCV  
  18  1:36  Factory  
  19  1:40  Marine  
  20  1:53  Orbital Command  
  20  2:23  Starport  
  20  2:24  Starport  
  20  2:29  Widow Mine  
  22  2:34  Marine  
  23  2:52  Widow Mine  
  25  3:08  Starport Tech Lab x2  
  25  3:12  Supply Depot  
  25  3:27  Cloaking Field  
  25  3:29  Banshee x2  
  31  3:35  Supply Depot  
  31  3:39  Widow Mine  
  33  3:58  Supply Depot  
  33  4:09  Widow Mine  
  35  4:11  Banshee  
  35  4:13  Banshee  
  41  4:38  Command Center  
  41  4:54  Banshee  
  41  4:56  Banshee  
  44  5:45  Banshee x2  
  44  6:28  Banshee x2  
  47  6:44  Widow Mine  
  49  7:05  Widow Mine  
  48  7:27  Widow Mine  
  50  7:48  Widow Mine  
  49  7:54  Viking  
  49  7:55  Viking  
  50  8:10  Widow Mine  
  49  8:24  Viking x2  
  53  8:33  Armory  
  53  8:54  Viking x2  
  57  9:07  SCV  
  58  9:19  SCV  
  59  9:31  Widow Mine, SCV  
  62  9:33  Banshee x2  
  68  9:43  SCV  
  69  9:49  Refinery x2  
  69  9:55  SCV  
  70  10:00  Command Center  
  70  10:03  Supply Depot  
  70  10:07  Supply Depot  
  70  10:09  High Capacity Fuel Tanks  
  70  10:15  Factory Tech Lab  
  70  10:20  Factory  
  70  10:25  Banshee x2  
  70  10:27  Supply Depot  
  76  10:30  Supply Depot  
  76  10:40  SCV  
  77  10:48  Supply Depot  
  77  10:52  SCV  
  79  11:04  SCV  
  79  11:05  Factory Reactor  
  79  11:07  Banshee x2  
  85  11:13  Starport  
  85  11:16  SCV  
  86  11:19  Drilling Claws  
  86  11:22  Terran Vehicle And Ship Armor Level 1  
  86  11:28  SCV  
  87  11:39  SCV  
  88  11:45  Orbital Command  
  88  11:50  Viking x2  
  88  11:51  SCV  
  88  11:52  Starport Reactor  
  93  12:06  Widow Mine  
  93  12:07  Widow Mine x2  
  99  12:20  Orbital Command  
  99  12:28  Widow Mine x3  
  105  12:37  Smart Servos  
  103  12:49  Widow Mine  
  103  12:50  Widow Mine x2  
  109  13:11  Widow Mine x3  
  111  13:32  Widow Mine x3  
  110  13:53  Widow Mine  
  110  13:54  Widow Mine x2  
  116  14:02  SCV  
  117  14:10  Refinery  
  117  14:12  Refinery  
  117  14:14  SCV  
  117  14:15  Widow Mine x3  
  124  14:49  Widow Mine  
  124  15:06  Widow Mine x2  
  125  15:15  Widow Mine  
  115  15:28  Widow Mine x2  
  119  15:37  Widow Mine  
  121  15:44  Viking x2  
  121  15:49  Viking  
  124  15:51  Widow Mine  
  124  15:54  Viking  
  124  15:58  Widow Mine  
  124  15:59  Widow Mine  
  125  16:15  Widow Mine, Viking  
  125  16:16  Armory, Viking  
  117  16:19  Widow Mine, Viking  
  117  16:20  Armory, Widow Mine  
  117  16:24  Viking  
  125  16:27  Terran Vehicle Weapons Level 1  
  125  16:47  Supply Depot  
  125  16:48  Supply Depot  
  125  16:53  Widow Mine x3, Viking x3  
  137  16:54  Viking  
  131  17:08  Terran Vehicle And Ship Armor Level 2, Terran Ship Weapons Level 1  
  131  17:10  Supply Depot  
  131  17:11  Supply Depot  
  131  17:14  Orbital Command  
  131  17:15  Widow Mine  
  133  17:23  Viking x3  
  133  17:24  Viking  
  141  17:30  Refinery  
  141  17:37  Refinery  
  141  17:53  Viking x3  
  141  17:54  Viking  
  141  17:56  Supply Depot  
  149  17:59  Supply Depot  
  149  18:13  Corvid Reactor, Hyperflight Rotors  
  149  18:23  Viking x3  
  149  18:24  Viking  
  157  18:31  Terran Vehicle Weapons Level 2  
  157  18:52  Viking x2  
  157  18:53  Viking  
  157  18:54  Viking  
  163  19:03  Terran Ship Weapons Level 2  
  163  19:22  Viking  
  165  20:26  Viking x4  
  173  20:55  Viking, Terran Vehicle Weapons Level 3  
  173  20:56  Terran Vehicle And Ship Armor Level 3, Viking x3  
  170  21:25  Widow Mine, Viking  
  170  21:26  Widow Mine x2, Viking x3  
  182  21:42  Orbital Command  
  184  21:47  Widow Mine x3  
  188  21:55  Viking  
  188  21:56  Viking x3  
  196  22:16  Refinery  
  196  22:17  Refinery  
  196  23:06  Viking  
  196  23:09  Widow Mine  
  196  23:11  Viking  
  196  25:08  Viking  
  196  25:11  Widow Mine  
  196  25:12  Widow Mine  
  196  25:13  Widow Mine  
  196  25:14  Viking  
  196  25:19  Viking x2  
  180  25:32  Widow Mine  
  180  25:33  Widow Mine  
  180  25:35  Widow Mine  
  186  25:38  Viking  
  184  25:44  Viking  
  184  25:49  Viking x2  
  186  25:53  Widow Mine  
  186  25:54  Widow Mine  
  186  25:56  Widow Mine  
  179  26:08  Viking  
  165  26:15  Widow Mine  
  165  26:16  Widow Mine  
  165  26:17  Widow Mine  
  171  26:19  Viking x2  
  173  26:37  Widow Mine  
Tags
 
Composition
MMM Bio
Matchup
TvT
Race
Terran
Spawn Locations
Cross Positions
Strategy
Banshee Rush
Add a new tag
Caveats
  • Supply blocks, unpowered buildings, or Contaminate may cause inaccurate times.
  • Supply counts are checked every 10 seconds.